 Dungeon Crawl Stone Soup version 0.15.2 (webtiles) character file.

20549 Huymann the Covert (level 12, 0/61 HPs)
             Began as a Spriggan Enchanter on Mar 26, 2015.
             Was a High Priest of Okawaru.
             Killed from afar by an orc wizard (9 damage)
             ... with a magic dart
             ... on Level 14 of the Dungeon.
             The game lasted 02:19:15 (16622 turns).

Huymann the Covert (Spriggan Enchanter)            Turns: 16622, Time: 02:19:16

HP   0/61        AC  7     Str  7      XL: 12   Next: 46%
MP  44/44        EV 28     Int 29      God: Okawaru [*****.]
Gold 607         SH  8     Dex 18      Spells:  5 memorised, 20 levels left

rFire  . . .     SeeInvis +     Q - +1 cutlass (distort)
rCold  . . .     Clarity  .     b - +2 robe
rNeg   . . .     rCorr    .     F - +0 buckler
rPois  .         rRot     .     w - +3 hat of Pondering {ponderous, MR+ MP+10 Int+5}
rElec  .         Spirit   .     (no cloak)
SustAb .         Warding  .     (gloves unavailable)
rMut   .         Stasis   .     (boots unavailable)
Gourm  .                        (no amulet)
MR     +++..                    M - +4 ring of intelligence
                                i - +3 ring of strength

@: heroism, studying Stealth, heavily drained, very quick, extremely resistant
to hostile enchantments, extremely stealthy
A: unfitting armour, see invisible, herbivore 3, speed 3, slow metabolism 2
a: Heroism, Finesse, Renounce Religion


You were on level 14 of the Dungeon.
You worshipped Okawaru.
Okawaru was extremely pleased with you.
You were not hungry.

You visited 2 branches of the dungeon, and saw 15 of its levels.

You collected 607 gold pieces.

Inventory:

Hand weapons
 m - a +1 greatsling of freezing
 Q - a +1 cutlass of distortion (weapon)
Armour
 b - a +2 robe (worn)
 w - the +3 hat of Pondering (worn) {ponderous, MR+ MP+10 Int+5}
   (You took it off Gastronok on level 11 of the Dungeon)

   It affects your intelligence (+5).
   It affects your resistance to hostile enchantments.
   It affects your magic capacity (+10).
 F - a +0 buckler (worn)
Magical devices
 o - a wand of teleportation (1)
 v - a wand of frost (5)
 G - a wand of polymorph (11)
 H - a wand of lightning (0)
 T - a wand of fire (7)
Comestibles
 r - 21 fruits
 t - 2 bread rations
 O - a slice of pizza
Scrolls
 a - 2 scrolls of identify
 j - 4 scrolls of recharging
 k - a scroll of magic mapping
 l - 5 scrolls of teleportation
 n - 5 scrolls of blinking
 u - 2 scrolls of amnesia
 N - 3 scrolls of remove curse
 U - a scroll of enchant armour
Jewellery
 i - a +3 ring of strength (left hand)
 C - an uncursed ring of magical power
 I - a +4 ring of intelligence
 L - a +2 ring of protection
 M - a +4 ring of intelligence (right hand)
Potions
 d - a potion of porridge
 e - 5 potions of curing
 h - 3 potions of magic
 p - a potion of heal wounds
 q - a potion of cancellation {unknown}
 s - a potion of restore abilities {unknown}
 z - a potion of poison {unknown}
 A - 3 potions of agility
 B - 2 potions of invisibility {unknown}
 D - a potion of flight {unknown}
 E - a potion of brilliance {unknown}
 K - a potion of berserk rage {unknown}
 W - a potion of haste {unknown}
Books
 c - a book of Maledictions

   Spells                             Type                      Level
   *Corona                            Hexes                        1
   *Sure Blade                        Hexes/Charms                 2
   Ensorcelled Hibernation            Hexes/Ice                    2
   *Confuse                           Hexes                        3
   Dazzling Spray                     Conjuration/Hexes            3
   Enslavement                        Hexes                        4
 f - a book of the Earth

   Spells                             Type                      Level
   *Leda's Liquefaction               Hexes/Earth                  4
   Bolt of Magma                      Conjuration/Fire/Earth       5
   Statue Form                        Transmutation/Earth          6
   Iron Shot                          Conjuration/Earth            6
   Shatter                            Earth                        9
 g - a Young Poisoner's Handbook

   Spells                             Type                      Level
   Sting                              Conjuration/Poison           1
   Cure Poison                        Poison                       2
   Mephitic Cloud                     Conjuration/Poison/Air       3
   Olgreb's Toxic Radiance            Poison                       4
   Venom Bolt                         Conjuration/Poison           5
 S - a book of the Dragon

   Spells                             Type                      Level
   *Flight                            Charms/Air                   3
   Cause Fear                         Hexes                        4
   Bolt of Fire                       Conjuration/Fire             6
   Dragon Form                        Transmutation                7
   Dragon's Call                      Summoning                    9
 Z - a manual of Stealth


   Skills:
 * Level 6.0(9.6) Fighting
 * Level 7.6(11.1) Short Blades
 + Level 1.4(5.5) Slings
   Level 6.7(10.2) Bows
 + Level 1.2(5.2) Throwing
 * Level 8.7(12.1) Dodging
 + Level 12.9(16.2) Stealth
 * Level 2.8(6.4) Shields
 * Level 11.1(9.6) Spellcasting
 * Level 9.9(8.5) Hexes
 * Level 9.4(8.0) Charms
 * Level 3.1(1.9) Invocations
 * Level 3.8(2.6) Evocations


You had 20 spell levels left.
You knew the following spells:

 Your Spells              Type           Power        Failure   Level  Hunger
a - Corona                Hex            ######.      1%          1    None
b - Sure Blade            Hex/Chrm       ######....   1%          2    None
c - Confuse               Hex            ######..     1%          3    None
d - Flight                Chrm/Air       #####.....   2%          3    None
e - Leda's Liquefaction   Hex/Erth       #####.....   10%         4    None


Dungeon Overview and Level Annotations

Branches:
Dungeon (14/15)            Temple (1/1) D:6             Orc (0/4) D:10
   Lair (0/8) D:10         Vaults (0/5) D:13

Altars:
Ashenzari
Cheibriados
Dithmenos
Elyvilon
Fedhas
Kikubaaqudgha
Makhleb
Nemelex Xobeh
Okawaru
Qazlal
Sif Muna
Trog
Vehumet
Xom
Yredelemnul
Zin
The Shining One

Shops:
D:11 =

Annotations:
D:5 Huymann's ghost, experienced DEWz
D:10 Fannar
D:13 Josephine; Sonja
D:14 BoredOne's ghost, powerful DrCj
Abyss:1 Maurice


Innate Abilities, Weirdness & Mutations

You are tiny and cannot use many weapons and most armour.
You have supernaturally acute eyesight.
You are a herbivore.
You cover ground extremely quickly.
You need consume almost no food.


Message History

You feel drained.
Ouch! That really hurt!
* * * LOW HITPOINT WARNING * * *
BoredOne's ghost breathes negative energy at you.
The blast of negative energy hits the human zombie.
The human zombie completely resists.
The blast of negative energy misses you.
You see here a cutlass.
Found 14 gold pieces.
An orc and an orc wizard come into view.
An orc warrior comes into view. It is wielding a long sword.
The orc wizard shouts!
A cyclops comes into view.
Found 13 gold pieces.
An orc comes into view. It is wielding a war axe.
The orc wizard mumbles some strange words.
You feel a wave of unholy energy pass over you.
The orc wizard gestures at you while chanting.
The magic dart hits you!
You die...

......................
.....................
#..........##.....
..####....# ....
#.$..# ... #....# #
#....#
####..####....##....
........@...........C
....................
###########o.......
#........ #o......
#...... ...... ..o.. .


You could see an orc wizard.

Vanquished Creatures
  A hydra (D:11)
  A centaur warrior (D:13)
  2 unseen horrors
  4 hill giants
  A wizard (D:12)
  3 ugly things
  Joseph (D:11)
  A gargoyle (D:12)
  A troll (D:10)
  A deep elf mage (D:10)
  A hog (D:7)
  A wyvern (D:13)
  11 humans
  A human (shapeshifter) (D:13)
  A mottled dragon (D:11)
  26 yaks
  A hungry ghost (D:9)
  5 hippogriffs
  A warg (D:10)
  5 orc warriors
  3 water moccasins
  3 ice beasts
  3 sky beasts
  A necrophage (D:12)
  3 crocodiles
  3 ogres
  2 phantoms
  5 centaurs
  A big kobold (D:10)
  12 giant frogs
  2 gnoll sergeants
  A cyclops zombie (D:12)
  5 scorpions
  9 wights (D:9)
  4 jellies (D:7)
  A troll skeleton (D:10)
  A hippogriff skeleton (D:6)
  3 crimson imps
  A giant frog zombie (D:5)
  A goliath beetle (D:6)
  A centaur zombie (D:7)
  4 hounds
  A quasit (D:12)
  9 orc wizards
  5 iguanas
  A kobold skeleton (D:11)
  6 orc priests
  8 worker ants
  A big kobold zombie (D:5)
  3 sheep (D:7)
  Ijyb (D:2)
  An ogre skeleton (D:6)
  A hound skeleton (D:10)
  2 mummies
  A scorpion zombie (D:7)
  9 adders
  8 gnolls
  3 green rats
  2 giant mites
  2 worms (D:3)
  An orc skeleton (D:5)
  3 giant geckos
  2 oozes
  23 orcs
  7 ball pythons
  20 bats
  4 giant cockroaches
  8 goblins
  7 hobgoblins
  6 jackals
  2 quokkas
  A giant gecko skeleton (D:8)
  4 giant newts
  A giant spore (D:13)
  A gnoll skeleton (D:5)
  A hobgoblin zombie (D:7)
  A jackal skeleton (D:3)
  16 kobolds
  2 kobold zombies
  A quokka zombie (D:6)
  17 rats
  A ballistomycete (D:13)
331 creatures vanquished.

Vanquished Creatures (collateral kills)
  Gastronok (D:11)
  A hill giant (D:11)
  A giant gecko (D:7)
  A rat (D:7)
4 creatures vanquished.

Vanquished Creatures (others)
  2 yaks
  A human (D:13)
  A wraith (D:12)
  A hippogriff (D:13)
  An orc warrior (D:10)
  An eye of draining (D:11)
  An orc (D:11)
  A bat (D:10)
  3 giant spores (D:13)
  A ballistomycete (D:13)
  2 fungi (D:10)
  A plant (D:10)
16 creatures vanquished.

Grand Total: 351 creatures vanquished

Notes
Turn   | Place    | Note
--------------------------------------------------------------
     0 | D:1      | Huymann, the Spriggan Enchanter, began the quest for the Orb.
     0 | D:1      | Reached XP level 1. HP: 9/9 MP: 4/4
   213 | D:1      | Found an iron altar of Okawaru.
   748 | D:2      | Reached XP level 2. HP: 14/14 MP: 6/8
   776 | D:2      | Noticed Ijyb
   795 | D:2      | Killed Ijyb
   795 | D:2      | Reached XP level 3. HP: 15/17 MP: 9/11
  1725 | D:2      | Reached skill level 5 in Stealth
  1730 | D:2      | Learned a level 2 spell: Sure Blade
  2123 | D:3      | Reached XP level 4. HP: 16/21 MP: 14/14
  2466 | D:3      | Reached skill level 1 in Fighting
  2499 | D:3      | Reached skill level 1 in Charms
  2500 | D:3      | Noticed a human
  2507 | D:3      | Found a basalt altar of Yredelemnul.
  2568 | D:3      | Found a glowing drain.
  3132 | D:3      | Reached XP level 5. HP: 17/25 MP: 17/17
  3663 | D:3      | Learned a level 3 spell: Confuse
  3820 | D:4      | Noticed an ogre
  4090 | D:4      | Found a burning altar of Makhleb.
  4258 | D:4      | Noticed an orc warrior
  4269 | D:4      | Killed an orc warrior
  4269 | D:4      | Reached XP level 6. HP: 26/30 MP: 20/20
  4544 | D:5      | Entered Level 5 of the Dungeon
  4869 | D:5      | Reached skill level 5 in Spellcasting
  5254 | D:5      | Reached XP level 7. HP: 30/35 MP: 21/23
  5334 | D:5      | Noticed Huymann's ghost (experienced DEWz)
  5533 | D:5      | Reached skill level 6 in Stealth
  5734 | D:5      | Reached skill level 5 in Hexes
  6099 | D:6      | Found a staircase to the Ecumenical Temple.
  6111 | Temple   | Entered the Ecumenical Temple
  6173 | Temple   | Became a worshipper of Warmaster Okawaru
  6370 | D:6      | Reached XP level 8. HP: 39/39 MP: 14/25
  6616 | D:6      | Reached skill level 7 in Stealth
  6903 | D:7      | Reached skill level 1 in Bows
  6950 | D:7      | Acquired Okawaru's first power
  6973 | D:7      | Reached skill level 8 in Stealth
  7107 | D:7      | Reached skill level 5 in Dodging
  7182 | D:7      | Reached skill level 5 in Charms
  7730 | D:7      | Reached XP level 9. HP: 39/44 MP: 22/28
  7884 | D:7      | HP: 2/44 [sheep (9)]
  9013 | D:8      | Learned a level 3 spell: Flight
  9301 | D:9      | Reached skill level 9 in Stealth
  9412 | D:9      | Reached skill level 5 in Short Blades
  9702 | D:9      | Reached XP level 10. HP: 49/49 MP: 19/30
  9920 | D:9      | Received a gift from Okawaru
  9938 | D:9      | Reached skill level 10 in Stealth
  9954 | D:9      | Reached skill level 1 in Slings
 10251 | D:9      | Found an iron altar of Okawaru.
 10863 | D:10     | Entered Level 10 of the Dungeon
 10921 | D:10     | Reached skill level 5 in Bows
 11081 | D:10     | Found a staircase to the Orcish Mines.
 11347 | D:10     | Reached skill level 1 in Shields
 11481 | D:10     | Noticed Fannar
 11499 | D:11     | Noticed a green ugly thing
 11560 | D:11     | Killed a green ugly thing
 11862 | D:11     | Learned a level 4 spell: Leda's Liquefaction
 12017 | D:11     | Noticed an unseen horror
 12041 | D:11     | Received a gift from Okawaru
 12041 | D:11     | Acquired Okawaru's second power
 12072 | D:11     | Reached skill level 5 in Fighting
 12116 | D:11     | Killed an unseen horror
 12116 | D:11     | Reached XP level 11. HP: 55/55 MP: 22/32
 12176 | D:11     | Noticed a hill giant
 12194 | D:11     | Killed a hill giant
 12251 | D:11     | Noticed Gastronok
 12376 | D:11     | Killed Gastronok
 12376 | D:11     | Reached skill level 10 in Spellcasting
 12395 | D:11     | Noticed a hill giant
 12401 | D:11     | Killed a hill giant
 12858 | D:11     | Noticed a hill giant
 12865 | D:11     | Killed a hill giant
 12870 | D:11     | Noticed an eight-headed hydra
 12910 | D:11     | Killed an eight-headed hydra
 12912 | D:11     | Received a gift from Okawaru
 13045 | D:11     | Found Ralaef's Jewellery Boutique.
 13085 | D:11     | Noticed Joseph
 13090 | D:11     | Killed Joseph
 13150 | D:11     | Reached skill level 11 in Stealth
 13530 | D:10     | Reached skill level 1 in Invocations
 13621 | D:10     | Found a staircase to the Lair.
 13886 | D:10     | Noticed an eight-headed hydra
 14278 | D:10     | Reached skill level 1 in Evocations
 14473 | D:12     | Noticed Maurice
 14481 | D:12     | Banished Maurice
 14628 | D:12     | Reached skill level 1 in Throwing
 14656 | D:12     | Noticed a hill giant
 14675 | D:12     | Received a gift from Okawaru
 15166 | D:12     | Found an ancient bone altar of Kikubaaqudgha.
 15173 | D:12     | Received a gift from Okawaru
 15230 | D:12     | Noticed a wizard
 15252 | D:12     | Killed a wizard
 15252 | D:12     | Reached skill level 12 in Stealth
 15252 | D:12     | Reached XP level 12. HP: 60/60 MP: 33/33
 15770 | D:13     | Found a gate to the Vaults.
 15770 | D:13     | Noticed an eight-headed hydra
 15791 | D:13     | Received a gift from Okawaru
 16025 | D:13     | Noticed a centaur warrior
 16037 | D:13     | Killed a centaur warrior
 16227 | D:13     | Found a shimmering altar of Xom.
 16227 | D:13     | Found a shimmering altar of Xom.
 16228 | D:13     | Found a shimmering altar of Xom.
 16228 | D:13     | Found a shimmering altar of Xom.
 16408 | D:13     | Noticed Josephine
 16468 | D:13     | Noticed Sonja
 16595 | D:14     | Noticed BoredOne's ghost (powerful DrCj)
 16622 | D:14     | Killed from afar by an orc wizard

Action                   |  1- 3 |  4- 6 |  7- 9 | 10-12 || total
-------------------------+-------+-------+-------+-------++-------
Melee: Dagger            |    80 |   210 |   340 |   137 ||   767
       Cutlass           |       |       |       |   361 ||   361
 Fire: Shortbow          |       |       |     5 |   171 ||   176
Throw: Tomahawk          |       |     3 |       |     6 ||     9
 Cast: Corona            |     6 |     1 |       |       ||     7
       Sure Blade        |     1 |     9 |     3 |     1 ||    14
       Confuse           |       |    24 |    65 |   140 ||   229
       Leda's Liquefacti |       |       |       |     3 ||     3
Invok: Heroism           |       |       |       |     6 ||     6
Evoke: Wand              |       |     2 |     2 |    10 ||    14
  Use: Scroll            |     6 |       |    13 |     9 ||    28
       Potion            |       |     2 |       |     2 ||     4
 Stab: Sleeping          |     8 |    10 |    22 |    21 ||    61
       Confused          |       |     5 |    50 |    63 ||   118
       Distracted        |       |       |     1 |     1 ||     2
  Eat: Pizza             |       |     1 |       |       ||     1
       Bread ration      |       |     1 |     1 |       ||     2
       Fruit             |       |       |       |     5 ||     5
